[Event "12.Lienz Open"]
[Site "Uttendorf"]
[Date "2003.02.08"]
[Round "1"]
[White "Grundner, Alois"]
[Black "Unterlass, Sebastian"]
[Result "1-0"]
[ECO "D31"]
[WhiteElo "1862"]
[BlackElo "1424"]
[Annotator "Grundner,Alois"]
[PlyCount "41"]
[TimeControl "240+2"]

{48MB, Fritz8.ctg, OEMComputer} 1. d4 d5 2. c4 e6 3. Nc3 Nc6 4. Nf3 Bb4 {
letzter Buchzug} 5. Qc2 b6 ({0.53 Fritz 8:} 5... Nf6 6. a3 Be7 7. cxd5 exd5 8.
Bg5 O-O 9. e3 Nb8 ) 6. cxd5 exd5 7. e3 Nf6 8. Bd3 Bxc3+ 9. bxc3
Ne7 10. Ba3 h6 11. O-O O-O 12. Ne5 Bd7 13. c4 Re8 14. Rac1 c6 15. cxd5 Nfxd5 ({
3.03 Fritz 8:} 15... Nexd5 16. e4 Nf4 17. Bc4 Ne6 18. f4 Qc7 19. Qd3 Rad8 20.
f5 ) 16. e4 ({1.25 Fritz 8:} 16. Bh7+ Kf8 17. Bf5 Bc8 18. Bxc8
Rxc8 19. Qh7 c5 20. dxc5 bxc5 21. Bxc5 Rxc5 22. Rxc5 Nf6 23. Qh8+ Neg8 ) 16... f6 ({2.38 Fritz 8:} 16... Nf4 17. Bc4 Be6 18. Rfd1 Neg6 19.
Nxc6 Qg5 20. Bf1 Bg4 21. Re1 ) 17. Nxd7 Nf4 18. Bc4+ Kh8 19.
Qd2 Nfg6 ({5.72 Fritz 8:} 19... Neg6 20. Nf8 Rxf8 21. Bxf8 Qxf8 22. g3 Nh3+ 23.
Kg2 Ng5 24. f3 Qd6 25. Rfd1 ) 20. Nxf6 gxf6 ({#1 Fritz 8:} 
20... Rf8 21. Ng4 c5 22. d5 Nf4 23. Bb2 Nc8 24. Ne3 Nd6 25. Nf5 ) 21. Qxh6# 1-0

[Event "12.Lienz Open"]
[Site "Uttendorf"]
[Date "2003.02.09"]
[Round "2"]
[White "Vergeiner, Franz"]
[Black "Grundner, Alois"]
[Result "1-0"]
[ECO "B01"]
[WhiteElo "2102"]
[BlackElo "1862"]
[Annotator "Grundner,Alois"]
[PlyCount "73"]
[TimeControl "240+2"]

{48MB, Fritz8.ctg, OEMComputer} 1. e4 d5 2. exd5 Nf6 3. d4 Nxd5 4. c4 Nb6 5.
Nc3 g6 6. Be3 Bg7 7. f4 c6 8. Rc1 Be6 9. b3 N8d7 10. Nf3 O-O 11. Be2 Nf6 12.
Ne5 Ne8 13. O-O f6 14. Nd3 Bf7 15. Bf3 Rc8 16. Qe2 e6 17. Rfd1 Nc7 18. Nc5 Rb8
19. N3e4 Qe7 20. Nd3 Rbd8 21. Qf2 Rfe8 22. Nec5 Rb8 23. Bd2 Nd7 24. Bb4 Qd8 25.
Ne4 Bf8 26. Nd6 Bxd6 27. Bxd6 Nb6 28. Bb4 Na6 29. Ba5 Qd7 30. Nc5 Qc8 31. Nxa6
bxa6 32. Bc3 Kg7 33. Be4 Qc7 34. Rd3 Rbc8 35. Rh3 Bg8 36. Qh4 Qf7 37. Qh6+ 1-0

[Event "12.Lienz Open"]
[Site "Uttendorf"]
[Date "2003.02.09"]
[Round "3"]
[White "Grundner, Alois"]
[Black "Wageneder, Karl"]
[Result "1-0"]
[ECO "D50"]
[WhiteElo "1862"]
[BlackElo "1637"]
[Annotator "Grundner,Alois"]
[PlyCount "103"]
[TimeControl "240+2"]

{48MB, Fritz8.ctg, OEMComputer} 1. d4 d5 2. c4 Nf6 3. Nc3 e6 4. Bg5 c6 5. e3
Be7 6. Nf3 Qb6 7. Qc2 h6 8. Bh4 Nbd7 9. Bd3 dxc4 10. Bxc4 c5 11. O-O O-O 12.
Rfd1 cxd4 13. Nxd4 a6 14. Ne4 Nd5 15. Bg3 N7f6 16. Rac1 Bd7 17. Bb3 Rfc8 18.
Nxf6+ Nxf6 19. Bc7 Qa7 20. Qd3 b6 21. Be5 Qb7 22. Bc2 g6 23. h3 Bc6 24. f3 Bb5
25. Nxb5 axb5 26. Bb3 Rxc1 27. Rxc1 Rc8 28. Rd1 Rd8 29. Qxb5 Rxd1+ 30. Bxd1 Qd5
31. Qxd5 Nxd5 32. Bd4 Bc5 33. Bxc5 bxc5 34. e4 Nb4 35. a4 Kf8 36. Kf1 Ke7 37.
Ke2 Kd6 38. Bb3 Nc6 39. Bc4 f6 40. f4 e5 41. g3 g5 42. Ke3 Kc7 43. fxg5 fxg5
44. Kf3 h5 45. h4 g4+ 46. Ke3 Nd8 47. Bd5 Kb6 48. Kd3 Ka5 49. Kc4 Kb6 50. a5+
Kxa5 51. Kxc5 Ka6 52. Kd6 1-0

[Event "12.Lienz Open"]
[Site "Uttendorf"]
[Date "2003.02.10"]
[Round "4"]
[White "Wallis, Toni"]
[Black "Grundner, Alois"]
[Result "1/2-1/2"]
[ECO "B01"]
[WhiteElo "2075"]
[BlackElo "1862"]
[Annotator "Grundner,Alois"]
[PlyCount "136"]
[TimeControl "240+2"]

{48MB, Fritz8.ctg, OEMComputer} 1. e4 d5 2. exd5 Nf6 3. d4 Nxd5 4. c4 Nb6 5.
Nf3 g6 6. Nc3 Bg7 7. c5 Nd5 8. Bc4 c6 9. Qb3 e6 10. O-O O-O 11. Bg5 Qc7 12.
Rfe1 Nxc3 13. bxc3 Re8 14. Bh4 b5 15. Bd3 Bb7 16. Bg3 Qd8 17. Rad1 Nd7 18. Ne5
Nxe5 19. Bxe5 Bc8 20. Bxg7 Kxg7 21. Qb2 Bd7 22. Bf1 f6 23. a4 a6 24. axb5 axb5
25. c4 bxc4 26. Bxc4 Rb8 27. Qa2 Ra8 28. Qb3 Rb8 29. Qc3 Qc7 30. Bd3 Re7 31. g3
Be8 32. Be4 Rd7 33. Rb1 Rdd8 34. Qc4 Bd7 35. Qa6 Ra8 36. Qb7 Ra7 37. Qb6 Rda8
38. Qxc7 Rxc7 39. Rb4 Raa7 40. Reb1 Kh6 41. Kg2 Kg7 42. h4 Ra3 43. Rb7 Ra7 44.
Rxc7 Rxc7 45. Rb6 Be8 46. Kf1 Kf7 47. Ke2 Ke7 48. g4 f5 49. gxf5 gxf5 50. Bf3
e5 51. Bg2 exd4 52. Kd3 Bd7 53. Kxd4 Kf6 54. f4 Be8 55. Kc3 h6 56. Kb4 Ke7 57.
Ka5 Bd7 58. Ra6 Kd8 59. Kb6 Rc8 60. Ra7 Rb8+ 61. Rb7 Rc8 62. Ka7 Rc7 63. Kb6
Rc8 64. Bf3 Be8 65. Ka7 Rc7 66. Ka6 Kc8 67. Ra7 Rxa7+ 68. Kxa7 Kc7 1/2-1/2

[Event "12.Lienz Open"]
[Site "Uttendorf"]
[Date "2003.02.11"]
[Round "5"]
[White "Grundner, Alois"]
[Black "Rigo, Filippo"]
[Result "1-0"]
[ECO "A40"]
[WhiteElo "1862"]
[BlackElo "1552"]
[Annotator "Grundner,Alois"]
[PlyCount "43"]
[TimeControl "240+2"]

{48MB, Fritz8.ctg, OEMComputer} 1. d4 b6 2. c4 Bb7 3. Nc3 e6 4. e4 Bb4 5. Bd3
Bxc3+ 6. bxc3 Ne7 7. Nf3 O-O 8. O-O f5 9. d5 Qe8 10. Ba3 c5 11. Qe2 fxe4 12.
Bxe4 exd5 13. cxd5 Nxd5 14. Qc4 Qe6 15. Ng5 Qe5 16. f4 Qd6 17. Rad1 b5 18. Rxd5
bxc4 19. Rxd6 Bxe4 20. Nxe4 Nc6 21. Nxc5 Rad8 22. Nxd7 1-0

[Event "12.Lienz Open"]
[Site "Uttendorf"]
[Date "2003.02.12"]
[Round "6"]
[White "Wurm, Christoph"]
[Black "Grundner, Alois"]
[Result "1-0"]
[ECO "B01"]
[WhiteElo "2109"]
[BlackElo "1862"]
[Annotator "Grundner,Alois"]
[PlyCount "97"]
[TimeControl "240+2"]

{48MB, Fritz8.ctg, OEMComputer} 1. e4 d5 2. exd5 Nf6 3. Nc3 Nxd5 4. Qf3 c6 5.
Bc4 e6 {letzter Buchzug} 6. Nh3 Be7 7. O-O Nd7 8. d4 N7f6 9. Ne4 Nxe4 10. Qxe4
Nf6 11. Qd3 O-O 12. Be3 b5 13. Bb3 a6 14. Ng5 c5 15. dxc5 Qxd3 16. cxd3 Ng4 17.
Ne4 Bb7 18. Bg5 Bxe4 ({1.03 Fritz 8:} 18... Bxg5 19. Nxg5 Nf6 20. Rac1 Bc6 21.
d4 Rfd8 22. Rfd1 h6 ) 19. Bxe7 Bxd3 20. Rfd1 Rfe8 21. Bd6 Bg6
22. Rd2 ({0.94 Fritz 8:} 22. c6 Rac8 23. c7 Nf6 24. f3 e5 25. a4 Nd7 ) 22... Rac8 23. Bd1 Nf6 24. f3 Red8 25. b4 Nd5 26. a3 Ne7 ({1.31
Fritz 8:} 26... Ne3 27. Be2 Nc4 ) 27. Be2 Nc6 28. Rad1 f6 29. f4
Be4 30. Kf2 Kf7 31. g3 g6 32. Ke3 Bd5 33. Bg4 ({0.62 Fritz 8:} 33. g4 h6 34. h4
Re8 35. Bd3 Bc4 36. Be4 Bd5 37. h5 ) 33... f5 ({1.00 Fritz 8:} 
33... Re8 34. Kf2 h5 35. Bf3 Bxf3 36. Kxf3 Red8 37. h3 Ne7 38. Re1 Nd5 ) 34. Be2 Ra8 35. Bc7 ({0.75 Fritz 8:} 35. Ra1 Rdc8 36. h3 a5 37. Rb1
axb4 38. axb4 Ra3+ 39. Kf2 Ra4 40. Bxb5 Rxb4 41. Rxb4 ) 35...
Rd7 36. Bb6 Rb7 ({0.97 Fritz 8:} 36... Kf6 ) 37. Kf2 Re7 38. Ra1
Rb7 39. a4 Nxb4 ({2.84 Fritz 8:} 39... Rbb8 40. axb5 axb5 41. Rb1 Ra4 42. Bxb5
Rxb4 43. Rxb4 Nxb4 44. Rd4 Nc2 ) 40. axb5 a5 41. Rb2 ({1.69
Fritz 8:} 41. Rxa5 Rbb8 42. c6 Rxa5 43. Bxa5 Nxc6 44. bxc6 Bxc6 45. Rc2 Ra8 46.
Bb6 ) 41... Rbb8 ({3.00 Fritz 8:} 41... Rxb6 42. cxb6 g5 43.
Rd2 Kf6 44. Bf3 gxf4 45. gxf4 ) 42. Rxa5 Rxa5 43. Bxa5 Nc6 44.
Bc3 Ne7 45. Be5 Rb7 46. c6 Nxc6 47. bxc6 Rxb2 48. Bxb2 Bxc6 49. Ke3 1-0

[Event "12.Lienz Open"]
[Site "Uttendorf"]
[Date "2003.02.13"]
[Round "7"]
[White "Grundner, Alois"]
[Black "Sölkner, Karl"]
[Result "0-1"]
[ECO "E34"]
[WhiteElo "1862"]
[BlackElo "2085"]
[Annotator "Grundner,Alois"]
[PlyCount "166"]
[TimeControl "240+2"]

{48MB, Fritz8.ctg, OEMComputer} 1. d4 Nf6 2. c4 e6 3. Nc3 Bb4 4. Qc2 d5 5. Nf3
O-O 6. e3 Ne4 7. Bd3 {letzter Buchzug} Nf6 8. O-O h6 9. Ne5 Nbd7 10. f4 c6 11.
b3 Re8 12. Bb2 Nf8 13. Rac1 N6h7 ({0.78 Fritz 5.32:} 13... Qe7 )
14. Qf2 ({0.22 Fritz 5.32:} 14. Bxh7+ Nxh7 15. Nxf7 Kxf7 16. Qxh7 Bd6 17. a3
Rh8 18. Qd3 Qe7 ) 14... f5 15. Qg3 Bd6 16. Be2 Nf6 17. Qh3 Re7
18. Rf2 Bd7 19. g4 fxg4 20. Nxg4 Nxg4 21. Bxg4 g6 22. Rg2 Kh7 23. Kh1 Rg7 24.
Rcg1 Qf6 25. Rg3 Rc8 ({1.91 Fritz 5.32:} 25... Rf7 26. a3 b6 27. Bd1 Qe7 28.
Qg2 Rf6 29. Bc2 dxc4 30. bxc4 ) 26. Qxh6+ Kg8 27. Bh5 Be8 28.
Bf3 Rh7 29. Qg5 Qxg5 30. Rxg5 Bf7 31. Nd1 Nd7 32. Nf2 Kg7 33. Bh5 ({-0.63
Fritz 5.32:} 33. Rh5 Rxh5 34. Bxh5 Bc7 35. Bg4 Rh8 36. a3 Nb6 37. c5 Nd7 ) 33... Rch8 34. cxd5 cxd5 35. Rxg6+ Bxg6 ({-0.03 Fritz 5.32:} 
35... Kf8 36. R1g2 Rxh5 37. R6g3 Rg8 38. a3 Rxg3 39. Rxg3 Bc7 40. Rg1 ) 36. Rxg6+ Kf7 37. Rh6+ Ke7 38. Rxh7+ Rxh7 39. Bg6 Rg7 40. Bd3 Bb4 41.
h3 ({-0.53 Fritz 5.32:} 41. a3 Be1 42. Nd1 Bh4 43. Bc3 Kf6 44. Bb4 Nb8 ) 41... Rg3 42. Bc1 Be1 43. Ng4 Rxh3+ 44. Kg2 Rg3+ 45. Kf1 Bb4 46. Nf2
Nf6 47. a3 Bd6 48. b4 Nh5 49. Be2 Ng7 50. Ng4 Nf5 51. Kf2 Rh3 52. Kg2 Rh8 53.
Bd2 Rc8 54. Bd3 Kf7 55. Kf2 Rh8 56. Kg2 Rh4 57. Be2 Rh8 ({0.00 Fritz 5.32:} 
57... Ke7 58. a4 Rh8 59. Bd3 Rg8 60. Kf3 Bc7 61. Be1 Rh8 62. Bc3 ) 58. Bd3 Be7 59. Ne5+ Kg7 60. Ng4 Nd6 61. Ne5 Bf6 62. Nd7 Rc8 63. Nc5 Kf7
64. Nb3 Nc4 65. Bc1 b6 ({-1.00 Fritz 5.32:} 65... Nxa3 66. Nc5 Nc4 67. Nxb7 Rb8
68. Bxc4 Rxb7 69. Ba6 Rxb4 70. Kf3 ) 66. a4 Be7 67. b5 Bb4 68.
Kf2 Nd6 69. Bb2 Kf6 70. Kf3 Rh8 71. Kg2 Nf5 72. Bc1 ({-2.09 Fritz 5.32:} 72. e4
Ne3+ 73. Kg3 Be1+ 74. Kf3 Rh3+ 75. Ke2 Rh2+ 76. Kxe1 Rxb2 )
72... Nh4+ ({-1.28 Fritz 5.32:} 72... Rc8 73. Bb2 Nxe3+ 74. Kf3 Nd1 75. Ba1 Nc3
76. Bf1 Nxa4 77. Bd3 ) 73. Kf2 Rg8 74. Bf1 Nf5 75. Bd3 Ng3 76.
Bb2 Ne4+ 77. Bxe4 dxe4 78. d5+ Ke7 79. dxe6 Kxe6 80. Nd4+ Kd5 81. Nf5 Rc8 82.
Bd4 ({-1.81 Fritz 5.32:} 82. Nd4 Kc4 83. Ba1 Rh8 84. Ne6 Rh2+ 85. Kg3 Re2 86.
Bd4 Be1+ ) 82... Rc2+ 83. Kg3 Ra2 0-1

[Event "12.Lienz Open"]
[Site "Uttendorf"]
[Date "2003.02.14"]
[Round "8"]
[White "Rohringer, Georg"]
[Black "Grundner, Alois"]
[Result "1-0"]
[ECO "B01"]
[WhiteElo "1673"]
[BlackElo "1862"]
[Annotator "Grundner,Alois"]
[PlyCount "101"]
[TimeControl "240+2"]

{48MB, Fritz8.ctg, OEMComputer} 1. e4 d5 2. exd5 Nf6 3. Nf3 Nxd5 4. d4 Bg4 5.
Be2 g6 {letzter Buchzug} 6. O-O Bg7 7. c3 O-O 8. Nbd2 Nf4 9. Nc4 Nxe2+ 10. Qxe2
Qd5 11. Nce5 Bxf3 ({0.34 Fritz 8:} 11... Bxe5 12. Qxe5 Bxf3 13. gxf3 Qxe5 14.
dxe5 Nc6 15. Bf4 g5 16. Bxg5 Nxe5 17. Bxe7 Rfe8 ) 12. Nxf3 e6
13. Re1 Nd7 14. Bf4 c5 15. dxc5 Qxc5 16. Rad1 Rfd8 17. Qd2 ({0.19 Fritz 8:} 17.
Qe4 Qc8 18. Bg5 Nc5 19. Qh4 Rd7 20. Rxd7 ) 17... Qb6 18. Be3 Nc5
19. Bxc5 Qxc5 20. Qxd8+ Rxd8 21. Rxd8+ Bf8 22. Ne5 Kg7 23. Rd7 Be7 24. Rxb7 f6
({2.97 Fritz 8:} 24... a5 25. Kf1 Qd6 26. Rd7 Qc5 27. Re3 a4 28. Nd3 ) 25. Nc6 Qxc6 26. Rxe7+ Kh6 27. R7xe6 Qd5 28. a3 f5 29. h3 Qd2 30.
R1e2 Qc1+ 31. Kh2 Qf4+ 32. Kg1 ({0.00 Fritz 8:} 32. g3 Qc4 )
32... Qc1+ 33. Kh2 Qf4+ 34. g3 Qc1 35. f4 Qf1 36. Re7 Qf3 37. R7e6 ({0.00
Fritz 8:} 37. c4 a5 38. b4 Qd3 39. b5 Qxc4 40. b6 Qc8 41. Rc7 Qd8 ) 37... Kh5 ({3.00 Fritz 8:} 37... Qf1 ) 38. R6e5 h6 39. c4
g5 40. fxg5 hxg5 41. Re6 Qf1 42. c5 g4 43. hxg4+ Kxg4 44. c6 Kf3 ({11.16 Fritz
8:} 44... a6 45. R6e3 Qh3+ 46. Kg1 Qh7 47. Re7 Qh8 48. Kf1 Kxg3 ) 45. c7 Qc1 46. R6e3+ Kg4 47. Rc3 Qh6+ 48. Kg2 Qh3+ 49. Kg1 Qh8 50. c8=Q Qd4+
({#10 Fritz 8:} 50... Qxc8 51. Rxc8 Kf3 52. Rf2+ Ke4 53. Ra8 Ke5 54. Rxa7 Kd6
55. Rxf5 ) 51. Kh2 1-0

[Event "1.Kl.Süd"]
[Site "Uttendorf"]
[Date "2003.02.22"]
[Round "8"]
[White "Dalfen, Joachim"]
[Black "Grundner, Alois"]
[Result "1/2-1/2"]
[ECO "B14"]
[WhiteElo "1780"]
[BlackElo "1862"]
[Annotator "Grundner,Alois"]
[PlyCount "25"]
[TimeControl "240+2"]

{48MB, Fritz8.ctg, OEMComputer} 1. d4 Nf6 2. Nf3 e6 3. e3 c5 4. c4 cxd4 5. exd4
d5 6. Nc3 Be7 7. c5 O-O 8. Bd3 b6 9. b4 a5 10. Na4 Nfd7 11. a3 (11. Qc2 Nc6 12.
Bxh7+ Kh8 13. b5 Nb4 14. Qb1 bxc5 15. a3 c4 16. axb4 axb4) 11... axb4 12. axb4
e5 {letzter Buchzug} 13. Nxe5 1/2-1/2

[Event "Schwarzach 03 (1)"]
[Site "Uttendorf"]
[Date "2003.08.23"]
[Round "?"]
[White "Huynh, Tony"]
[Black "Grundner, Alois"]
[Result "1/2-1/2"]
[ECO "B24"]
[WhiteElo "1656"]
[BlackElo "1842"]
[Annotator "Grundner,Alois"]
[PlyCount "96"]
[TimeControl "240+2"]

{48MB, Fritz8.ctg, OEMComputer} 1. e4 c5 2. Nc3 Nc6 3. g3 g6 4. Bg2 Bg7 5. d3
e6 6. Be3 Nd4 7. Nf3 Ne7 8. O-O O-O 9. Rb1 d6 10. Ne2 Nec6 11. c3 Nxf3+ 12.
Bxf3 Ne5 13. Bg2 Bd7 14. h3 Bb5 15. c4 Bc6 16. f4 Nd7 17. d4 cxd4 18. Nxd4 Nf6
19. Nxc6 bxc6 {Fritz schlägt b4 vor mit deutlichem Plus für Weiß} 20. Qe2 Qc7
21. Rfd1 Rfd8 22. b4 Rab8 23. a4 d5 24. e5 Nd7 25. cxd5 cxd5 26. Rbc1 Qb7 27.
b5 Nb6 28. a5 Nd7 29. a6 Qxb5 30. Qxb5 Rxb5 31. Rc7 Nb6 {Txa7!} 32. Bxb6 axb6 {
Lf1!!} 33. a7 Ra8 34. Rb7 Bf8 35. Ra1 Ra5 36. Rb1 R5xa7 37. Rxa7 Rxa7 38. Kh2
Bc5 39. g4 Kg7 40. Rb3 f6 41. exf6+ Kxf6 42. Kg3 Ra2 43. Bf1 e5 44. fxe5+ Kxe5
45. Rd3 Ke4 46. Rd1 Bf2+ 47. Kh2 Bh4+ 48. Bg2+ Kf4 {Schwarz bot Remis} 1/2-1/2

[Event "Schwarzach 03 (5)"]
[Site "Uttendorf"]
[Date "2003.08.27"]
[Round "?"]
[White "Sadilek, Heinrich"]
[Black "Grundner, Alois"]
[Result "0-1"]
[ECO "B22"]
[WhiteElo "1792"]
[BlackElo "1848"]
[Annotator "Grundner,Alois"]
[PlyCount "62"]
[TimeControl "240+2"]

{48MB, Fritz8.ctg, OEMComputer} 1. e4 c5 2. Nf3 Nc6 3. c3 d5 4. exd5 Qxd5 5. d4
Bg4 6. Be2 cxd4 7. cxd4 e6 8. O-O Nf6 9. Be3 Bd6 10. h3 Bh5 11. a3 O-O 12. b4
Ne4 13. Qc2 Rac8 14. Bc4 Nxd4 15. Bxd5 Nxc2 16. Bxe4 Nxa1 17. Bxb7 Rc7 18. Be4
f5 19. Bd3 Bxf3 20. gxf3 Nb3 21. Rd1 Rd8 22. Be2 Be7 23. Re1 g5 24. f4 h6 25.
b5 Nd4 26. Kg2 Nc2 27. Rg1 Nxe3+ 28. fxe3 Rc2 29. Kf3 Kf7 30. a4 Kf6 31. Na3
Bxa3 0-1

[Event "Schwarzach 03 (6)"]
[Site "Uttendorf"]
[Date "2003.08.28"]
[Round "?"]
[White "Löffler, Alois"]
[Black "Grundner, Alois"]
[Result "1-0"]
[ECO "D66"]
[WhiteElo "1951"]
[BlackElo "1848"]
[Annotator "Grundner,Alois"]
[PlyCount "144"]
[TimeControl "240+2"]

{48MB, Fritz8.ctg, OEMComputer} 1. d4 Nf6 2. c4 e6 3. Nc3 d5 4. Bg5 Be7 5. e3
Nbd7 6. Nf3 c6 7. Rc1 O-O 8. Bd3 Re8 9. O-O h6 10. Bh4 dxc4 11. Bxc4 Nd5 12.
Bg3 Bf6 13. Ne4 Be7 14. Re1 N7f6 15. Nxf6+ Nxf6 16. Ne5 Qb6 17. Qe2 Rd8 18.
Red1 Bd7 19. f3 Be8 20. Bf2 c5 21. dxc5 Bxc5 22. Nd3 Be7 23. e4 Qa5 24. Bb3 Qg5
25. Be3 Qa5 26. Rc2 Rac8 27. Rdc1 Rxc2 28. Qxc2 Bc6 29. Nf4 a6 30. Qf2 {Weiß
bot Remis, was Schwarz  ablehnte} Qe5 31. Qc2 g5 32. Nd3 Qa5 33. Qc3 Qxc3 34.
Rxc3 a5 35. a4 Bb4 36. Nxb4 axb4 37. Rc4 Rd3 38. Bd4 e5 39. Bxe5 Nd7 40. Bc2
Nxe5 41. Bxd3 Nxd3 42. b3 Kf8 43. Rd4 Nc5 44. Rxb4 Ke7 45. Kf1 Ke6 46. Ke2 Ke5
47. Ke3 h5 48. g3 Ne6 49. Rc4 f6 50. f4+ Kd6 51. a5 g4 52. b4 Bd7 53. Rc3 Bc6
54. Rc2 Kd7 55. Rc3 Bb5 56. Rc1 Kd6 57. Rc3 Bc6 58. Rc2 Nc7 59. Rc5 Be8 60. Rf5
Ke6 61. Rc5 Na6 62. Rc8 Kd7 63. Rc4 Bf7 64. Rc2 Nc7 65. Rc5 Kd6 66. Rf5 Ke6 67.
b5 Bg6 {Schwarz bot Remis, was diesmal Weiß ablehnte} 68. a6 b6 69. Rd5 Bxe4
70. Rxh5 f5 71. Rh6+ Kd7 72. Rxb6 Nd5+ 1-0

[Event "Schwarzach 03 (9)"]
[Site "Uttendorf"]
[Date "2003.08.31"]
[Round "?"]
[White "Nuber, Blasius"]
[Black "Grundner, Alois"]
[Result "0-1"]
[ECO "B22"]
[WhiteElo "1692"]
[BlackElo "1848"]
[Annotator "Grundner,Alois"]
[PlyCount "68"]
[TimeControl "240+2"]

{48MB, Fritz8.ctg, OEMComputer} 1. e4 c5 2. c3 Nc6 3. d4 d5 4. Nf3 dxe4 5. d5
exf3 6. dxc6 Qxd1+ 7. Kxd1 Bg4 8. g3 bxc6 9. h3 Bf5 10. Nd2 Rd8 11. Ke1 e5 12.
Nxf3 Bd6 13. Be3 Ne7 14. c4 Be4 15. Bg2 Nf5 16. Nh4 Bxg2 17. Nxg2 Nd4 18. Rc1
O-O 19. f4 exf4 20. Nxf4 Rfe8 21. Kf2 Bxf4 22. gxf4 Re4 23.
Rhe1 Rde8 24. Rc3 h6 25. Rcc1 Nf5 26. Bd2 (26. Bxc5 Rxf4+ 27. Kg1 Rxe1+ 28.
Rxe1 Rxc4) 26... Rxe1 27. Rxe1 Rxe1 28. Bxe1 Nd6 29. b3 f5 30. h4 Kf7 31. h5
Ne4+ 32. Ke3 Nf6 33. Kf3 Ke6 34. Bf2 Kd6 0-1

[Event "Schwarzach 03 (7)"]
[Site "Uttendorf"]
[Date "2003.08.29"]
[Round "?"]
[White "Schmidt, Mathias"]
[Black "Grundner, Alois"]
[Result "1-0"]
[ECO "D45"]
[WhiteElo "1920"]
[BlackElo "1848"]
[Annotator "Grundner,Alois"]
[PlyCount "125"]
[TimeControl "240+2"]

{48MB, Fritz8.ctg, OEMComputer} 1. Nf3 d5 2. c4 c6 3. d4 Nf6 4. e3 Nbd7 5. Nc3
e6 6. Qc2 Bd6 7. b3 O-O 8. Bd3 h6 9. O-O e5 10. dxe5 Nxe5 11. Nxe5 Bxe5 12. h3
Ne4 13. Bb2 Nxc3 14. Bxc3 Bxc3 15. Qxc3 Be6 16. c5 f5 17. Qe5 Qf6 18. Qxf6 Rxf6
19. f4 Re8 20. Kf2 Rf7 21. Rfe1 Rfe7 22. b4 Bd7 23. a4 a6 24. Rad1 g6 25. Rb1
Kf7 26. g3 Kf6 27. Re2 h5 28. h4 Ra8 {Schwarz bot Remis} 29. Ke1 Rae8 30. Kd2
Ra8 31. Kc3 Rae8 32. Kd4 Ra8 33. Ree1 Ree8 34. Rb2 Red8 35. Reb1 Be8 36. Kc3
Bd7 37. Kd4 Be8 38. b5 axb5 39. axb5 Ra4+ 40. Rb4 Rda8 41. bxc6 bxc6 42. Rxa4
Rxa4+ 43. Kc3 Ra3+ 44. Rb3 Rxb3+ 45. Kxb3 Ke7 46. Kb4 Kd7 47. Kc3 Ke7 48. Kd4
Kf6 49. Ba6 Bd7 50. Bb7 Ke6 51. Ba6 Kf6 52. Kc3 Ke7 53. Kb4 Kd8 54. Ka5 Kc7 55.
Bd3 Bc8 56. Ba6 Bd7 57. Be2 Bc8 58. Bd3 Be6 59. Bc2 Bc8 60. Ba4 Be6 61. Kb4 Kd8
({3.34 Fritz 8:} 61... Bd7 62. Kc3 Kc8 63. Kd4 Kd8 64. Kc3 Be8 65. Kb4 Kd7 66.
Ka5 Kc7 67. Kb4 ) 62. Bxc6 Bf7 63. Kc3 1-0

[Event "Schwarzach 03 (8)"]
[Site "Uttendorf"]
[Date "2003.08.30"]
[Round "?"]
[White "Grundner, Alois"]
[Black "Windhofer, Johann"]
[Result "1/2-1/2"]
[ECO "D18"]
[WhiteElo "1822"]
[BlackElo "1848"]
[Annotator "Grundner,Alois"]
[PlyCount "58"]
[TimeControl "240+2"]

{48MB, Fritz8.ctg, OEMComputer} 1. d4 c6 2. c4 d5 3. Nc3 Nf6 4. Nf3 dxc4 5. a4
Bf5 6. e3 Nbd7 7. Bxc4 e6 8. O-O Qc7 9. b3 Be7 10. Bb2 O-O {Schwarz bot Remis}
11. Re1 Ne4 12. Nxe4 Bxe4 13. Nd2 Bg6 14. e4 Nb6 15. Rc1 Rad8 16. Nf3 Bh5 17.
Be2 Bd6 18. h3 Qe7 19. Qc2 Nd7 20. Rcd1 Bb4 21. Bc3 Bxc3 22. Qxc3 Nf6 {Schwarz
bot neuerlich Remis} 23. Qe3 Qb4 24. Rd3 $2 ({-0.81 Fritz 8:} 24. Ne5 Bxe2 25.
Rxe2 Nd7 26. Red2 a5 27. f4 f5 28. exf5 exf5 29. Nxd7 Rxd7 30. d5 Qe4 ) 24... Bg6 25. d5 Qxe4 ({-0.78 Fritz 8:} 25... exd5 26. Rd4 Qe7 27. e5
c5 28. Rf4 Ne4 ) 26. Qxa7 Qb4 27. Rd4 Qxb3 28. Bc4 Qb2 ({0.56
Fritz 8:} 28... Qb4 29. Bf1 Qa3 30. dxe6 Rxd4 31. Qxd4 fxe6 32. Rxe6 c5 33. Qc4
Bf7 34. Re3 ) 29. dxe6 Rxd4 {Schwarz bot nun zum dritten Mal
Remis, was Weiß jetzt annahm.} 1/2-1/2

[Event "1.Kl.Süd"]
[Site "Uttendorf"]
[Date "2003.11.08"]
[Round "?"]
[White "Grundner, Alois"]
[Black "Sigl, Martin"]
[Result "1-0"]
[ECO "D53"]
[WhiteElo "1848"]
[BlackElo "1591"]
[Annotator "Grundner,Alois"]
[PlyCount "81"]
[TimeControl "240+2"]

{48MB, Fritz8.ctg, OEMComputer} 1. d4 Nf6 2. c4 d5 3. Nc3 e6 4. Bg5 Be7 5. e3
c6 6. Nf3 Nbd7 7. Rc1 h6 8. Bh4 Bb4 9. Bd3 Qa5 10. a3 Bxc3+ 11. Rxc3 (11. bxc3
dxc4 12. Bxc4 Qxa3 13. O-O b5 14. Bd3 a5 15. Qc2 Nd5 16. Bg3 f5 17. Be2 O-O 18.
c4 bxc4 19. Bxc4 Ba6 20. Ra1 Qb4 21. Bxa6 Rxa6 22. Rfb1 Qc3 23. Qd1) 11... dxc4
12. Bxc4 Ne4 13. Qc1 Nxc3 14. bxc3 Nb6 15. Nd2 Nd5 16. Ne4 O-O 17. O-O f5 18.
Bxd5 Qxd5 19. Nc5 b6 20. c4 Qd6 21. Nd3 c5 22. Bg3 Qd8 23. Be5 Bb7 24. Qb2 cxd4
25. exd4 Qd7 26. f3 Rac8 27. Rc1 Ba6 28. Qb3 Qc6 29. Nb4 Qb7 30. c5 Bb5 31. c6
(31. Qxe6+ Qf7 ) 31... Qe7 32. a4 a5 33. Nd5
exd5 34. Qxb5 {?! Dxd5!!} Rfd8 35. Qxb6 Qa3 36. Rb1 Qxa4 37. c7 (37. Qb7 $1 Kf8 38. Qxg7+ Ke8 39. Qg8+ Ke7 40. Rb7+ ) 37... Re8 38. Qg6 Qd7 39. Rb8 Qf7 40. Qa6 Qe6
41. Qxe6+ 1-0

[Event "1.Kl.Süd"]
[Site "Uttendorf"]
[Date "2004.01.10"]
[Round "6"]
[White "Grundner, Alois"]
[Black "Stojakovic, Miro"]
[Result "1-0"]
[ECO "D31"]
[WhiteElo "1870"]
[BlackElo "1820"]
[Annotator "Grundner,Alois"]
[PlyCount "89"]
[TimeControl "300"]

{48MB, Fritz8.ctg, OEMComputer} 1. d4 e6 2. c4 d5 3. Nc3 c6 4. Nf3 Be7 5. Qc2
dxc4 6. a4 a6 7. e3 Nd7 8. Bxc4 Ngf6 9. O-O Nb6 10. Be2 Qc7 11. Bd2 Nbd5 12.
Rfc1 O-O 13. Ne5 Bd6 14. f4 Qe7 15. Qb3 Nxc3 16. bxc3 Rb8 17. Bf3 g6 18. c4 Rd8
19. c5 Bc7 20. Nc4 Nd5 21. a5 h5 22. Rd1 Qf6 23. Ne5 Kg7 24. Be1 h4 25. h3 Rh8
26. Rd2 Qe7 27. Rb2 f6 28. Ng4 Qd8 29. Rab1 Bxa5 30. Bxa5 Qxa5 31. Ra2 Qc3 32.
Bxd5 Qxb3 33. Bxb3 Ra8 34. Bc4 Ra7 35. Ra5 Rh7 36. Nf2 f5 37. Nd3 Kf6 38. Ne5
Rg7 39. Be2 Rh7 40. Nc4 Rc7 41. Ra2 g5 42. Rab2 a5 43. fxg5+ Kxg5 44. Ra2 a4
45. Rba1 1-0

[Event "LL B"]
[Site "Uttendorf"]
[Date "2006.01.21"]
[Round "?"]
[White "Grundner, Alois"]
[Black "Ranftl, Josef"]
[Result "1-0"]
[ECO "A40"]
[WhiteElo "1854"]
[BlackElo "1610"]
[Annotator "Fritz 8 (15s)"]
[PlyCount "71"]
[TimeControl "240+2"]

{96MB, Fritz8.ctg, OEMComputer A40: Verschiedene (seltene) Antworten auf 1.d4} 
1. d4 b6 2. c4 Bb7 3. Nc3 e6 4. e4 {letzter Buchzug} g6 5. Nf3 Bg7 6. Be2 h5 (
6... Ne7 7. O-O $14) 7. Bg5 Bf6 8. Be3 Nc6 9. Qd2 a6 10. O-O Bg7 11. Rae1 Nh6
12. d5 Na7 13. h3 e5 14. Nxe5 Bxe5 15. Bxh6 Qe7 16. Be3 d6 17. f4 Bxc3 (17...
Bg7 18. Bd3 $18) 18. Qxc3 O-O-O (18... O-O 19. Bd4 f6 20. f5 $18) 19. Bd4 {
[%cal Ye4e5] Will e5 spielen} Rhe8 20. Bf6 Qd7 21. Bf3 {[%cal Ye4e5] Weiß
bereitet e5 vor} Kb8 22. Bxd8 Qxd8 23. e5 Nc8 24. b4 Qh4 (24... h4 {hilft auch
nicht mehr} 25. a4 $18) 25. Be4 (25. c5 $5 {wäre im Gewinnsinne präziser} Qxf4
26. exd6 Rxe1 27. dxc7+ Qxc7 28. Rxe1 g5 $18 29. d6 ) 25...
dxe5 26. fxe5 f5 (26... Qg5 {lenkt vielleicht noch ab} 27. Bd3 Re7 $18) 27.
exf6 Rxe4 (27... Rf8 {ist vielleicht ein Schwindelversuch} 28. Bxg6 Qg5 $18)
28. Rxe4 Qxe4 29. f7 b5 30. f8=Q bxc4 31. Qff3 Qxd5 32. Qxd5 Bxd5 33. Rf6 g5 (
33... Nd6 {ändert nichts mehr} 34. Rxg6 Kb7 35. Qe5 $18 (35. Qd4 Bc6 36. Rxd6 cxd6 37. Qxc4 Kb6 38. Qd4+ Kc7 39. Qa7+ )) 34. Rxa6 (34. Qd4 $142 {ist genauer} Nb6 35. Rxb6+
cxb6 36. Qxd5 b5 37. Qxg5 Kc7 $18) 34... Nb6 (34... g4 {ändert nichts am
Ausgang der Partie} 35. Ra5 Nb6 36. Qh8+ Kb7 37. Qxh5 $18) 35. Rxb6+ $1 {
Beseitigt den Bauernschutz} cxb6 36. Qd4 (36. Qd4 Bb7 37. Qxb6 $18) (36. Qe5+
$5 {gibt noch größeren Vorteil} Ka7 37. Qxd5 g4 $18) 1-0